 Dungeon Crawl Stone Soup version 0.25.1-9-gc5326a611f (webtiles) character file.

Game seed: 2726277169099468645

6806 KamiKatze the Thaumaturge (level 10, -2/46 HPs)
             Began as a Spriggan Earth Elementalist on Dec 29, 2020.
             Was an Elder of Vehumet.
             Slain by a phantom (7 damage)
             ... on level 10 of the Dungeon on Dec 30, 2020.
             The game lasted 01:23:02 (15189 turns).

KamiKatze the Thaumaturge (SpEE)                   Turns: 15189, Time: 01:23:02

Health: -2/46      AC: 11    Str:  4    XL:     10   Next: 77%
Magic:  23/23      EV: 19    Int: 20    God:    Vehumet [****..]
Gold:   545        SH:  0    Dex: 17    Spells: 7/26 levels left

rFire    . . .     SeeInvis +   x - +1 rapier
rCold    . . .     Gourm    .   (shield restricted)
rNeg     + + .     Faith    .   C - +2 robe {rN+}
rPois    .         Spirit   .   (helmet restricted)
rElec    .         Reflect  .   z - +2 cloak
rCorr    .         Harm     .   (gloves unavailable)
MR       +....                  (boots unavailable)
Stlth    +++.......             (no amulet)
HPRegen  0.15/turn              A - +4 ring of protection
MPRegen  0.18/turn              g - ring of positive energy

@: marked, very quick
A: very small, unfitting armour, see invisible, herbivore, speed 3, slow
metabolism 2
a: Renounce Religion


You were on level 10 of the Dungeon.
You worshipped Vehumet.
Vehumet was greatly pleased with you.
You were not hungry.

You visited 2 branches of the dungeon, and saw 11 of its levels.
You also visited: Sewer, Ossuary and Bailey.

You collected 545 gold pieces.

Inventory:

Hand Weapons
 a - a +0 dagger of draining
 d - a +0 falchion
 l - a +3 mace
 o - a +0 short sword
 t - a +0 hand axe of electrocution
 x - a +1 rapier (weapon)
 B - a +2 morningstar of holy wrath
 I - a +0 flail of holy wrath
Missiles
 b - 11 boomerangs
 h - 2 throwing nets
 i - 42 poisoned darts (quivered)
 y - 111 stones
 E - 6 curare-tipped darts
Armour
 z - a +2 cloak (worn)
 C - a +2 robe of positive energy (worn)
Magical Staves
 K - an uncursed staff of air {unknown}
Jewellery
 g - a ring of positive energy (right hand)
 A - a +4 ring of protection (left hand)
Scrolls
 e - 2 scrolls of enchant weapon
 j - a scroll of teleportation
 n - 3 scrolls of remove curse
 p - 3 scrolls of enchant armour
 s - a scroll of fear
 G - a scroll of holy word {unknown}
 H - a scroll of fog
 L - a scroll of amnesia
Potions
 c - a potion of berserk rage
 k - 2 potions of mutation
 m - 5 potions of brilliance
 q - 6 potions of curing
 r - 6 potions of flight
 u - 2 potions of haste {unknown}
 v - 2 potions of heal wounds {unknown}
 w - 5 potions of cancellation
 D - a potion of stabbing
 F - a potion of magic
 J - a potion of lignification {unknown}
Comestibles
 f - 16 rations


   Skills:
 - Level 2.0 Fighting
 + Level 5.0 Short Blades
 - Level 3.0 Throwing
 - Level 4.0 Dodging
 - Level 4.3 Stealth
 * Level 8.7 Spellcasting
 * Level 6.4 Conjurations
 + Level 5.3 Transmutations
 * Level 2.4 Fire Magic
 * Level 8.4 Earth Magic
 + Level 2.0 Poison Magic


You had 7 spell levels left.
You knew the following spells:

 Your Spells              Type           Power        Failure   Level  Hunger
a - Sandblast             Erth           #####.       1%          1    None
b - Passwall              Tmut/Erth      #####...     1%          2    None
c - Stone Arrow           Conj/Erth      #####.       1%          3    None
d - Petrify               Tmut/Erth      #####...     4%          4    ###....
e - Lee's Rapid Deconstr  Erth           #####.....   1%          5    #####..
f - Magic Dart            Conj           ####         1%          1    None
g - Ignite Poison         Fire/Tmut/Pois ###.....     1%          3    None

Your spell library contained the following spells:

 Spells                   Type           Power        Failure   Level  Hunger
 Bolt of Magma            Conj/Fire/Erth ####......   5%          5    #####..
 Dazzling Flash           Conj/Hex       ###...       1%          3    None
 Animate Skeleton         Necr           N/A          8%          1    None
 Corona                   Hex            #......      8%          1    None
 Infusion                 Chrm           #...         8%          1    None
 Pain                     Necr           #...         8%          1    None
 Ensorcelled Hibernation  Hex/Ice        #.....       12%         2    None
 Shroud of Golubria       Chrm/Tloc      #.....       12%         2    None
 Song of Slaying          Chrm           #.......     12%         2    None
 Confusing Touch          Hex            #.......     24%         3    None
 Ozocubu's Armour         Chrm/Ice       #.......     24%         3    None
 Spectral Weapon          Hex/Chrm       #.......     24%         3    None
 Tukima's Dance           Hex            #.......     24%         3    None
 Vampiric Draining        Necr           #.........   24%         3    None
 Animate Dead             Necr           N/A          61%         4    ###....
 Agony                    Necr           #.......     91%         5    #####..


Dungeon Overview and Level Annotations

Branches:
Dungeon (10/15)            Temple (1/1) D:4           Sewer (visited)
Ossuary (visited)          Bailey (visited)
   Lair: D:8-11         Orc: D:9-12

Altars:
Ashenzari
Cheibriados
Dithmenos
Elyvilon
Fedhas
Gozag
Hepliaklqana
Kikubaaqudgha
Makhleb
Nemelex Xobeh
Okawaru
Qazlal
Ru
Sif Muna
Trog
Uskayaw
Vehumet
Wu Jian
Xom
Yredelemnul
Zin
The Shining One

Annotations:
D:4 2 transporters, Goreval's ghost, amateur OpWz


Innate Abilities, Weirdness & Mutations

You are very small and have problems with some larger weapons.
You are too small for most types of armour.
You have supernaturally acute eyesight. (SInv)
You are a herbivore.
You cover ground extremely quickly.
You need to consume almost no food.


Message History

The hobgoblin barely misses you. The goblin hits you but does no damage.
Unknown command.
As you read the scroll of fear, it crumbles to dust.
You assume a fearsome visage.
The orc warrior looks frightened!
The goblin looks frightened!
The hobgoblin looks frightened!
The orc knight looks frightened!
The kobold throws a boomerang.
The boomerang misses you.
The weapon returns to the kobold!
Cornered, the goblin turns to fight!
The kobold throws a boomerang.
The boomerang closely misses you.
The weapon returns to the kobold!
An orc warrior comes into view. It is wielding a +0 war axe.
There is a gate leading back out of this place here.
Things that are here:
a poisoned dart; a +0 hand axe; a +0 leather armour The hobgoblin cries, "Oh dear!
Oh dear!"
The kobold throws a boomerang.
The boomerang misses you.
The weapon returns to the kobold!
The kobold throws a boomerang.
The boomerang misses you.
The weapon returns to the kobold!
Welcome back to the Dungeon!
The phantom hits you!
You die...

##............#
######...Y.#.#
######## #####.#.#
...... #.#.# ....#
#.# #.#.. ≈W.# #.#
#.Y.# #####≈.# #§#
##.## #.W.#≈.# #.#
#$# #.@.)).# #.#
#$## #...#≈.# #.#
#..#
#####≈.###.#######.
≈≈≈≈≈≈≈.............
........###.########
.####.### #.#### #.
#.>..##### #.
#......... #.
#W##.#####


You could see a phantom.

Vanquished Creatures
  Pikel (D:5)
  Prince Ribbit (D:6)
  A hippogriff (D:4)
  A spriggan (D:8)
  Grum (D:8)
  A wyvern (D:8)
  2 yaks (D:10)
  2 hungry ghosts
  A steam dragon (D:8)
  An orc warrior (D:9)
  2 sky beasts
  A phantom (D:7)
  3 ice beasts
  2 ogres
  2 wolves (D:8)
  A necrophage (D:10)
  A centaur (D:7)
  5 big kobolds
  Blork the orc (D:5)
  5 bullfrogs
  An elf zombie (Ossuary)
  2 scorpions (D:6)
  A water moccasin skeleton (D:9)
  14 killer bees
  4 howler monkeys
  5 crimson imps
  3 centaur zombies
  2 quasits
  2 bullfrog zombies
  6 hounds
  Crazy Yiuf (D:6)
  2 human zombies (Ossuary)
  6 orc priests
  A bullfrog skeleton (D:5)
  13 orc wizards
  A gnoll shaman (D:6)
  6 iguanas
  6 worker ants
  A big kobold zombie (Ossuary)
  2 mummies (Ossuary)
  A worker ant zombie (D:8)
  8 gnolls
  6 adders
  4 river rats
  A shadow imp (D:8)
  2 oozes (D:2)
  2 adder zombies (Ossuary)
  4 worms
  2 dart slugs
  2 leopard geckos
  42 orcs
  3 giant cockroaches
  13 goblins
  8 hobgoblins
  18 jackals
  5 quokkas
  3 ball pythons
  9 bats
  14 frilled lizards
  2 goblin zombies (Ossuary)
  9 hobgoblin zombies (Ossuary)
  A jackal skeleton (D:7)
  2 jackal zombies (Ossuary)
  32 kobolds
  6 kobold zombies (Ossuary)
  9 orc zombies (Ossuary)
  15 rats
337 creatures vanquished.

Notes
Turn   | Place    | Note
-------+----------+-------------------------------------------
     0 | D:1      | KamiKatze the Spriggan Earth Elementalist began the quest
                  | for the Orb.
     0 | D:1      | Reached XP level 1. HP: 9/9 MP: 5/5
   498 | D:1      | Reached XP level 2. HP: 8/14 MP: 6/6
   608 | D:1      | Learned a level 2 spell: Passwall
  1049 | D:1      | Reached XP level 3. HP: 14/17 MP: 8/8
  1222 | D:1      | Learned a level 3 spell: Stone Arrow
  1298 | D:2      | Reached skill level 1 in Fighting
  1765 | D:2      | Reached XP level 4. HP: 19/22 MP: 0/10
  2228 | D:3      | Reached XP level 5. HP: 20/25 MP: 2/11
  2259 | D:3      | Found a glowing drain.
  2263 | Sewer    | Entered a sewer
  2580 | Sewer    | Reached skill level 1 in Conjurations
  2777 | Sewer    | Found a white marble altar of Elyvilon.
  3331 | D:3      | Reached XP level 6. HP: 26/30 MP: 13/13
  4684 | D:4      | Found a faded altar of an unknown god.
  4686 | D:4      | Found a staircase to the Ecumenical Temple.
  4692 | Temple   | Entered the Ecumenical Temple
  4823 | Temple   | Became a worshipper of Vehumet
  4942 | D:4      | Reached skill level 1 in Short Blades
  5000 | D:4      | Learned a level 4 spell: Petrify
  5451 | D:4      | Found a transporter.
  5451 | D:4      | Noticed Goreval's ghost (amateur OpWz)
  5454 | D:4      | Found a transporter.
  5556 | D:4      | Noticed a hippogriff
  5716 | D:4      | Killed a hippogriff
  5716 | D:4      | Reached skill level 5 in Spellcasting
  5716 | D:4      | Reached XP level 7. HP: 35/35 MP: 15/15
  6099 | D:5      | Entered Level 5 of the Dungeon
  6749 | D:5      | HP: 1/35 [bullfrog skeleton (6)]
  7202 | D:5      | Reached skill level 5 in Earth Magic
  7261 | D:5      | Found a bloodstained altar of Trog.
  7392 | D:5      | Learned a level 5 spell: Lee's Rapid Deconstruction
  7501 | D:5      | Noticed Blork the orc
  7818 | D:4      | Noticed Pikel
  7987 | D:5      | Killed Blork the orc
  7987 | D:5      | Reached XP level 8. HP: 39/39 MP: 11/17
  8607 | D:5      | Killed Pikel
  8823 | D:6      | Found a sand-covered staircase.
  8830 | Ossuary  | Entered an ossuary
  8872 | Ossuary  | Reached * piety under Vehumet
  8872 | Ossuary  | Offered knowledge of Magic Dart by Vehumet.
  9009 | Ossuary  | Learned a level 1 spell: Magic Dart
  9253 | Ossuary  | Reached XP level 9. HP: 36/42 MP: 19/19
  9285 | Ossuary  | Offered knowledge of Foxfire by Vehumet.
  9333 | Ossuary  | Reached ** piety under Vehumet
  9462 | D:6      | Noticed Prince Ribbit
  9780 | D:6      | Found a runed translucent door.
  9781 | D:6      | Noticed Crazy Yiuf
  9787 | D:6      | Killed Crazy Yiuf
 10107 | D:7      | Reached skill level 5 in Conjurations
 10936 | D:6      | Killed Prince Ribbit
 11059 | D:6      | Offered knowledge of Frozen Ramparts by Vehumet.
 11396 | D:7      | Reached skill level 1 in Throwing
 11434 | D:7      | Reached *** piety under Vehumet
 11999 | D:8      | Offered knowledge of Ignite Poison by Vehumet.
 12008 | D:8      | Learned a level 3 spell: Ignite Poison
 12012 | D:8      | Found an iron altar of Okawaru.
 12112 | D:8      | Reached XP level 10. HP: 46/46 MP: 15/22
 12353 | D:8      | Reached **** piety under Vehumet
 12404 | D:8      | Reached skill level 1 in Fire Magic
 12422 | D:8      | Noticed Grum
 12669 | D:8      | Killed Grum
 12993 | D:8      | Found a stormy altar of Qazlal.
 13365 | D:9      | Found a hide-covered altar of Uskayaw.
 13441 | D:9      | Offered knowledge of Bolt of Magma by Vehumet.
 13441 | D:9      | Reached skill level 1 in Poison Magic
 13973 | D:9      | Reached skill level 5 in Transmutations
 14756 | D:10     | Entered Level 10 of the Dungeon
 15012 | D:10     | Reached skill level 5 in Short Blades
 15050 | D:10     | Found a flagged portal.
 15081 | Bailey   | Entered a bailey
 15168 | Bailey   | Noticed an orc knight
 15189 | D:10     | Slain by a phantom

Illustrated notes

Levels and vault maps discovered:
D:1:      psy_arrival_radial01, layout_basic, minmay_lizard_pond
D:2:      layout_loops_cross
D:3:      layout_basic, serial_rivers, chequers_serial_rivers_micro_b,
          chequers_serial_rivers_small_a, chequers_serial_rivers_room_b,
          chequers_serial_rivers_large_b, lightli_sewer_entry_pipes
D:4:      layout_cave_pods, nicolae_temple_entry_ecumenical,
          gammafunk_ghost_arena, first_ration, uniq_pikel
D:5:      layout_gridville, trog_book, uniq_blork_the_orc
D:6:      layout_basic, enter_ossuary_5, uniq_crazy_yiuf_cottage,
          uniq_prince_ribbit1
D:7:      layout_basic, minmay_quadrilaterals
D:8:      layout_basic, nicolae_qazlal_eye_of_the_storm, the_bakery,
          kennysheep_okawaru_gauntlet, uniq_grum
D:9:      layout_gridville, eat_drink_and_be_merry_uskayaw
D:10:     layout_loops_ring, orc_0_dummy, enter_bailey_3,
          nrook_guardian_serpent_ordinary
Temple:   regret_index_temple_chain_breaker

Skill      XL: |  1  2  3  4  5  6  7  8  9 10 |
---------------+-------------------------------+-----
Spellcasting   | 3 4 5 6 7 8 |  8.7
Earth Magic    | 3 4 5 6 7 8 |  8.4
Fighting       | 1 2 |  2.0
Transmutations | 2 4 5 |  5.3
Stealth        | 4 |  4.3
Conjurations   | 1 2 3 4 5 6 |  6.4
Dodging        | 4 |  4.0
Short Blades   | 1 3 4 5 |  5.0
Throwing       | 1 3 |  3.0
Fire Magic     | 2 |  2.4
Poison Magic   | 2 |  2.0

Action                   |  1- 3 |  4- 6 |  7- 9 | 10-12 || total
-------------------------+-------+-------+-------+-------++-------
Melee: Unarmed           |    47 |       |       |       ||    47
       Club              |    12 |       |       |       ||    12
       Dagger            |    90 |   180 |    93 |       ||   363
       Rapier            |       |       |   557 |   204 ||   761
       Hand axe          |       |       |    19 |       ||    19
Throw: Dart              |       |    34 |    47 |    10 ||    91
 Cast: Sandblast         |    52 |   102 |    97 |    94 ||   345
       Magic Dart        |       |       |    17 |    21 ||    38
       Stone Arrow       |       |       |     1 |    25 ||    26
       Ignite Poison     |       |       |       |     1 ||     1
  Use: Scroll            |       |       |    15 |     7 ||    22
 Stab: Sleeping          |     8 |     8 |    14 |     5 ||    35
  Eat: Ration            |       |     1 |     4 |     2 ||     7
Armor: Robe              |    12 |    12 |   144 |    57 ||   225
Dodge: Dodged            |   141 |   186 |   639 |   242 ||  1208
